Map: Blackburn LE

Players

Forger

  • Race: Protoss Protoss
  • League: Platinum
  • Spawn Location: 5:00

Pumba - Winner!

  • Race: Protoss Protoss
  • League: Platinum
  • Spawn Location: 7:00

VOD

Have the link to the VOD?

Description

Time

  • Played on: Feb. 8, 2022, 7:28 p.m.
  • Length: 4:08
Show
View Real Time Build Order
Export as new Build Order

Forger Protoss 

Build Orders: Nexus First 

Get SALT Encoding   

  12  0:04  Probe  
  13  0:16  Probe  
  13  0:20  Pylon  
  14  0:28  Probe  
  16  0:42  Probe  
  16  0:54  Probe  
  17  1:02  Nexus  
  17  1:07  Probe  
  18  1:17  Gateway  
  18  1:25  Probe  
  19  1:26  Assimilator  
  19  1:37  Probe  
  20  1:43  Pylon  
  20  1:49  Probe  
  21  2:01  Probe, Assimilator  
  21  2:07  Cybernetics Core  
  22  2:10  Gateway  
  22  2:13  Probe  
  22  2:25  Probe  
  23  2:30  Probe  
  24  2:38  Probe  
  25  2:45  Probe  
  25  2:47  Stalker (Chrono Boost)  
  25  2:50  Probe  
  29  2:58  Shield Battery  
  27  3:01  Probe  
  26  3:16  Probe  
  26  3:17  Probe  
  28  3:20  Stalker  
  28  3:21  Stalker  
  32  3:29  Probe  
  29  3:36  Probe  
  26  3:42  Probe  
  26  3:44  Shield Battery  
Show
View Real Time Build Order
Export as new Build Order

Pumba Protoss - Winner!

Build Orders:  

Get SALT Encoding   

  12  0:00  Probe  
  13  0:12  Probe  
  14  0:23  Pylon  
  14  0:24  Probe  
  15  0:41  Probe (Chrono Boost)  
  15  0:42  Gateway  
  16  0:51  Assimilator  
  16  0:53  Probe (Chrono Boost)  
  17  0:58  Probe (Chrono Boost)  
  18  1:07  Probe (Chrono Boost)  
  19  1:14  Assimilator  
  20  1:19  Probe (Chrono Boost)  
  20  1:22  Gateway  
  20  1:27  Probe (Chrono Boost)  
  20  1:30  Zealot  
  23  1:34  Cybernetics Core  
  23  1:44  Pylon  
  23  2:07  Warp Gate (Chrono Boost), Probe  
  24  2:17  Adept x2  
  24  2:19  Probe  
  29  2:22  Pylon  
  29  2:35  Gateway  
  29  2:41  Pylon  
  29  2:49  Stalker  
  29  2:50  Stalker  
  33  3:08  Probe  
  34  3:17  Gateway  
  32  3:48  Stalker x2  
  32  3:49  Stalker  
Tags
 
Add a new tag
Caveats
  • Supply blocks, unpowered buildings, or Contaminate may cause inaccurate times.
  • Supply counts are checked every 10 seconds.